 Dungeon Crawl Stone Soup version 0.32-a0-909-gc671339a80 (webtiles) character file.

Game seed: 13101711536560447895

56 Twinkles the Ruffian (level 3, -1/24 HPs)
             Began as an Octopode Shapeshifter on Apr 6, 2024.
             Slain by a gnoll
             ... wielding a +0 spear
              (6 damage)
             ... on level 3 of the Dungeon.
             The game lasted 00:03:09 (1583 turns).

Twinkles the Ruffian (Octopode Shapeshifter)        Turns: 1583, Time: 00:03:09

Health: -1/24      AC:  1    Str: 15    XL:     3   Next: 97%
Magic:  3/3        EV: 12    Int: 12    God:
Gold:   46         SH:  0    Dex: 11    Spells: 2/2 levels left

rFire   . .          .
                       - Unarmed
rCold   . . .        (no shield)
rNeg    + . .        (helmet currently unavailable)
rPois   .            j - amulet of regeneration
rElec   .            f - ring of positive energy
rCorr   .            (no ring)
SInv    .            (no ring)
Will    .....        (no ring)
Stlth   +++          (no ring)
HPRegen 1.04/turn    (no ring)
MPRegen 0.08/turn    (no ring)
                     (no ring)

%: no passive effects
@: beast-form
A: beast (slay +1), almost no armour, amphibious, 8 rings, camouflage 1,
gelatinous body 1, (nimble swimmer 1), tentacles
a: Begin Untransformation


You were on level 3 of the Dungeon.
You were a hulking beast.
You visited 1 branch of the dungeon, and saw 3 of its levels.

You collected 144 gold pieces.
You spent 98 gold pieces at shops.

Inventory:

Missiles
 m - a javelin (quivered)
Jewellery
 f - a ring of positive energy (left tentacle)
 j - an amulet of regeneration (around mantle)
Talismans
 b - a beast talisman (active)
 c - a flux talisman
Scrolls
 a - a scroll of blinking {unknown}
 e - a scroll of enchant weapon {unknown}
 g - a scroll of teleportation {unknown}
 h - 2 scrolls of fog {unknown}
 n - a scroll of poison {unknown}
 Z - 3 scrolls of identify
Potions
 d - 3 potions of curing {unknown}
 i - a potion of mutation {unknown}
 k - a potion of enlightenment {unknown}
 l - 2 potions of haste {unknown}
 A - 3 potions of attraction
 P - a potion of lignification


   Skills:
 + Level 1.8 Fighting
 + Level 2.5 Dodging
 + Level 1.3 Stealth
 + Level 3.4 Unarmed Combat
 + Level 3.3 Shapeshifting


You had 2 spell levels left.
You didn't know any spells.
Your spell library was empty.

Dungeon Overview and Level Annotations

Branches:
Dungeon (3/15) Zot: 16417

Altars:
Zin


Innate Abilities, Weirdness & Mutations

You are a hulking beast.
Your limbs bulge with bestial killing power. (Slay +1)
You cannot wear most types of armour.
You are amphibious.
You can wear up to eight rings at the same time.
Your skin changes colour to match your surroundings (Stealth+).
Your rubbery body absorbs attacks. (AC +1, EV +1)
((You are camouflaged when in or above water. (Stealth+)))
You have tentacles for arms and can constrict up to eight enemies at once.


Message History

Aim: a gnoll, wielding a +0 whip (56% to hit)
You throw a javelin.
The javelin hits the gnoll and shatters, but does no damage.
You feel sick.
You are no longer poisoned.
The gnoll barely misses you.
Throw: 4 javelins
Press: ? - help, Q - select action Shift-Dir - straight line, f/p - gnoll
Aim: a gnoll, wielding a +0 whip (56% to hit)
You throw a javelin. The javelin pierces through the gnoll.
The gnoll is lightly wounded.
The javelin closely misses the kobold.
The javelin pierces through the gnoll!
The gnoll is heavily wounded.
The javelin pierces through the gnoll!
The gnoll is heavily wounded.
The gnoll completely misses you.
An endoplasm comes into view.
Throw: 3 javelins
Press: ? - help, Q - select action Shift-Dir - straight line, f/p - gnoll
Aim: a gnoll, wielding a +0 whip (heavily wounded, 56% to hit)
You throw a javelin. The javelin closely misses the gnoll.
The endoplasm quivers.
The javelin pierces through the kobold!
You kill the kobold!
The javelin barely misses the gnoll.
The javelin pierces through the gnoll but does no damage.
The gnoll is heavily wounded.
The gnoll hits you from afar with a +0 spear!
* * * LOW HITPOINT WARNING * * *
The gnoll closely misses you.
Throw: 2 javelins
Press: ? - help, Q - select action Shift-Dir - straight line, f/p - gnoll
Aim: a gnoll, wielding a +0 whip (heavily wounded, 56% to hit)
You throw a javelin. The javelin barely misses the gnoll.
The javelin closely misses the gnoll.
The javelin pierces through the gnoll.
The gnoll is almost dead.
The javelin barely misses the endoplasm.
The gnoll hits you from afar with a +0 spear.
You die...

.# #.# #.....♣♣ <#
.. # #.#
#..(...♣... .♣
♣..##.#.#
#.......... ♣♣
♣....#.#
###J#+#....
♣......#####g# .
♣.........##g#
♣......<♣.♣♣g#
♣......♣♣.P♣.#
+#.....♣♣P.♣h####
.......♣PP.♣....#
#.######♣..P♣###.#
#. ♣.PP♣.##.###
♣.♣♣♣.##...##
♣..♣♣.##.#..#
♣♣.♣..##.#♣.♣♣
#....##.#♣..♣♣
#....##.♣♣P..♣#


You could see 3 gnolls and an endoplasm.

Vanquished Creatures
  A gnoll (D:3)
  An adder (D:2)
  A dart slug (D:1)
  2 ball pythons
  5 bats
  A giant cockroach (D:2)
  3 hobgoblins
  A quokka (D:1)
  2 frilled lizards (D:2)
  8 goblins
  3 kobolds
  10 rats
38 creatures vanquished.

Notes
Turn   | Place    | Note
-------+----------+-------------------------------------------
     0 | D:1      | Twinkles the Octopode Shapeshifter began the quest for the
                  | Orb.
     0 | D:1      | Reached XP level 1. HP: 13/13 MP: 1/1
    64 | D:1      | Reached XP level 2. HP: 18/18 MP: 2/2
   644 | D:2      | Found a glowing silver altar of Zin.
   646 | D:2      | Identified the +1 robe of Eternal Vigilance {-Cast rPois
                  | rF+ Str+4}
   665 | D:2      | Found Votunogu's Assorted Antiques.
   673 | D:2      | Reached XP level 3. HP: 23/23 MP: 3/3
   838 | D:2      | Reached skill level 1 in Stealth
  1438 | D:2      | Bought a scroll labelled WOACOU IFETOPT for 20 gold pieces
  1439 | D:2      | Bought a golden potion for 18 gold pieces
  1439 | D:2      | Bought a scroll labelled VIGACU QUTUUCU for 20 gold pieces
  1439 | D:2      | Bought a scroll labelled DUIKEOTISM for 20 gold pieces
  1439 | D:2      | Bought a scroll labelled RUMISAEFUKK for 20 gold pieces
  1582 | D:3      | HP: 3/24 [gnoll/+0 spear (8)]
  1583 | D:3      | Slain by a gnoll

Illustrated notes

Levels and vault maps discovered:
D:1:      dpeg_arrival_tiny_c, layout_basic
D:2:      layout_basic, serial_shops, shop, basic_altar
D:3:      layout_basic, serial_forest, infiniplex_forest_end_1,
          infiniplex_forest_join, infiniplex_forest_zigzag_1,
          infiniplex_forest_clump_tiny, infiniplex_forest_clump_long,
          minivault_14

Skill      XL: |  1  2  3 |
---------------+----------+-----
Stealth        | 1 |  1.3
Fighting       | |  1.8
Dodging        | |  2.5
Unarmed Combat | |  3.4
Shapeshifting  | |  3.3

Action                     || total
---------------------------++-------
  Melee: Unarmed           ||    48
         Constrict         ||    13
         Tentacles         ||     8
  Throw: Javelin           ||     4
    Use: Scroll            ||     1
   Stab: Sleeping          ||    12
 Armour: Skin              ||    19
  Dodge: Dodged            ||    25

Table legend: (Time is in decaauts)
 A = Elapsed time spent in this place.
 B = Non-inter-level travel time spent in this place.
 C = Inter-level travel time spent in this place.
 D = Time resting spent in this place.
 E = Time spent auto-exploring this place.
 F = Levels seen in this place.
 G = Mean time per level.
                   A        B        C        D        E       F      G
               +--------+--------+--------+--------+--------+-----+--------+
         Total |   1581 |   1437 |    144 |      0 |   1185 |   3 |  527.0 |
       Dungeon |   1581 |   1437 |    144 |      0 |   1185 |   3 |  527.0 |
               +--------+--------+--------+--------+--------+-----+--------+

Top non-repeatable levels by time:
     D:2: 827 daAuts
     D:1: 629 daAuts
     D:3: 124 daAuts
